 Dungeon Crawl Stone Soup version 0.29-a0-330-g52719c12eb (webtiles) character file.

Game seed: 12829803404380755835

97 Crownlay the Ruffian (level 4, -18/44 HPs)
             Began as a Troll Monk on May 6, 2022.
             Killed from afar by Ijyb (30 damage)
             ... with a bolt of acid
             ... on level 4 of the Dungeon.
             The game lasted 00:02:41 (1743 turns).

Crownlay the Ruffian (Troll Monk)                   Turns: 1743, Time: 00:02:42

Health: -18/44     AC:  5    Str: 21    XL:     4   Next: 42%
Magic:  3/3        EV: 10    Int:  6    God:
Gold:   73         SH:  0    Dex: 12    Spells: 3/3 levels left

rFire   . . .      SeeInvis .     - Unarmed
rCold   . . .      Faith    .   (no shield)
rNeg    . . .      Spirit   .   a - +0 robe
rPois   .          Reflect  .   (helmet restricted)
rElec   .          Harm     .   i - +0 cloak
rCorr   .          Rampage  .   (gloves unavailable)
Will    .....                   (boots unavailable)
Stlth   ++........              (no amulet)
HPRegen 0.94/turn               (no ring)
MPRegen 0.08/turn               (no ring)

@: no status effects
A: large, unfitting armour, claws 3, regeneration 1, shaggy fur 1, tough skin 1
a: no special abilities


You were on level 4 of the Dungeon.
You visited 1 branch of the dungeon, and saw 4 of its levels.

You collected 73 gold pieces.


Innate Abilities, Weirdness & Mutations

You are too large for most types of armour.
You have claws for hands.
Your natural rate of healing is unusually fast.
You are covered in fur. (AC +1)
You have tough skin. (AC +1)


   Skills:
 - Level 2.4 Fighting
 - Level 2.4 Dodging
 - Level 1.0 Stealth
 * Level 5.3 Unarmed Combat


You had 3 spell levels left.
You didn't know any spells.
Your spell library contained the following spells:

 Spells                   Type           Power      Damage    Failure   Level
 Inner Flame              Hex/Fire       0%         N/A       83%         3
 Cause Fear               Hex            0%         N/A       99%         4
 Discord                  Hex            0%         N/A       100%        8

Inventory:

Missiles
 c - 46 stones (quivered)
 j - 3 boomerangs
Armour
 a - a +0 robe (worn)
 i - a +0 cloak (worn)
   (You found it on level 1 of the Dungeon)
Magical Staves
 h - a staff of earth {!a}
   (You found it on level 1 of the Dungeon)
Scrolls
 e - 2 scrolls of teleportation {unknown}
 f - a scroll of noise {unknown}
 k - a scroll of identify {unknown}
 l - a scroll of immolation {unknown}
Potions
 b - a potion of ambrosia
 d - 3 potions of curing {unknown}
 g - a potion of heal wounds {unknown}
 m - a potion of haste {unknown}

Dungeon Overview and Level Annotations

Branches:
Dungeon (3/15)

Altars:

Annotations:
D:4 Ijyb

#. #. #.
#.#####
.....#
..####....#
..........#
#@#
###.#.###
#.......#
#.#...#.#
#.....#...
.....g.#..##
.w#.......##
. ##.....##
#....#


You could see Ijyb.


Message History

Your hp is fully restored (44).
No target in view!
No target in view!
No target in view!
A bat comes into view.
Found a stone staircase leading down.
The bat misses you.
You barely miss the bat. The bat hits you. The bat hits you but does no damage.
HP[-1]
You take 1 damage, and now have 43/44 hp.
You closely miss the bat. The bat hits you but does no damage.
HP[+1]
Your hp is fully restored (44).
The bat hits you but does no damage.
You barely miss the bat. The bat barely misses you.
You miss the bat. Your claw misses the bat. The bat barely misses you.
The bat hits you but does no damage.
You miss the bat. The bat hits you but does no damage.
You barely miss the bat. The bat barely misses you.
You scratch the bat. The bat closely misses you.
You barely miss the bat. Your claw misses the bat. The bat hits you.
HP[-1]
You take 1 damage, and now have 43/44 hp.
The bat hits you but does no damage.
HP[+1]
Your hp is fully restored (44).
The bat completely misses you.
You claw the bat!
You kill the bat!
No target in view!
No target in view!
No target in view!
No target in view!
A ball python comes into view.
The ball python hisses angrily.
You claw the ball python!
You kill the ball python!
No target in view!
No target in view!
No target in view!
You see here a +0 dagger.
Done exploring.
No target in view!
Done exploring.
Done exploring.
Okay, then.
(D) Dungeon
Where to? (Enter - D:2, ? - help)
There is a stone staircase leading down here.
You climb downwards.
There is a stone staircase leading up here.
n - a +0 robe
Found a stone staircase leading up.
You aren't carrying any pieces of jewellery.
Okay, then.
You drop a +0 robe.
Found a stone staircase leading down.
There is a stone staircase leading up here.
A ball python comes into view.
You see here a +0 spear.
The helpless ball python fails to defend itself.
You claw the ball python!
You kill the ball python!
No target in view!
No target in view!
No target in view!
You see here a +0 spear.
Found an escape hatch in the floor.
You open the door.
There is an open door here.
You now have 73 gold pieces (gained 10).
A sourceless malevolence fills the Dungeon...
You fall into a shaft and drop 1 floor!
The shaft crumbles and collapses.
Ijyb the Twisted Goblin comes into view.
She is wielding a +0 dagger and carrying a wand of acid (7).
Ijyb shouts!
Okay, then.
Ijyb is nearby!
Ijyb is nearby!
Okay, then.
You aren't wearing any rings or amulets.
Unknown command.
Okay, then.
You aren't carrying any items that you can evoke.
Unknown command.
Ijyb screams, "I no like you!"
Ijyb zaps a wand.
The bolt of acid misses you.
A dart slug comes into view.
Ijyb zaps a wand.
The bolt of acid hits you!!
Ouch! That really hurt!
* * * LOW HITPOINT WARNING * * *
HP[-33]
You take 33 damage, and now have 11/44 hp.
MASSIVE DAMAGE!! (PAUSE) Ijyb zaps a wand.
The bolt of acid hits you!!
Ouch! That really hurt!
You die...

Skill      XL: |  1  2  3 |
---------------+----------+-----
Unarmed Combat | 4 5 |  5.3
Fighting       | |  2.4
Dodging        | |  2.4
Stealth        | |  1.0

Action                   |  1- 3 |  4- 6 || total
-------------------------+-------+-------++-------
Melee: Unarmed           |    77 |    40 ||   117
       Punch             |     2 |       ||     2
 Stab: Sleeping          |     4 |     1 ||     5
Armor: Robe              |    22 |    13 ||    35
Dodge: Dodged            |    31 |    22 ||    53

Levels and vault maps discovered:
D:1:      shiori_shiawase, layout_basic
D:2:      layout_basic, nicolae_ecumenical_oubliette
D:3:      layout_loops_corners
D:4:      kennysheep_slugbush, layout_basic, kennysheep_vampire_church,
          tso_metal_star, minmay_lizard_king, uniq_blork_the_orc, uniq_grinder,
          uniq_natasha, uniq_ijyb

Notes
Turn   | Place    | Note
-------+----------+-------------------------------------------
     0 | D:1      | Crownlay the Troll Monk began the quest for the Orb.
     0 | D:1      | Reached XP level 1. HP: 22/22 MP: 0/0
     0 | D:1      | magus.rc [v1.11.3]
   161 | D:1      | Reached XP level 2. HP: 26/29 MP: 1/1
   290 | D:1      | Reached skill level 4 in Unarmed Combat
   322 | D:1      | You pick up a book of Hexes and begin reading...
   322 | D:1      | You add the spells Inner Flame, Cause Fear and Discord to
                  | your library.
   453 | D:1      | Reached XP level 3. HP: 36/36 MP: 2/2
   856 | D:2      | Reached skill level 5 in Unarmed Combat
   856 | D:2      | Reached XP level 4. HP: 24/44 MP: 3/3
   966 | D:2      | Found a faded altar of an unknown god.
  1739 | D:3      | You fall into a shaft and drop 1 floor!
  1739 | D:4      | Noticed Ijyb
  1742 | D:4      | HP: 11/44 [Ijyb/bolt of acid (33)]
  1743 | D:4      | Killed from afar by Ijyb

Vanquished Creatures
  An orc priest (D:2)
  An adder (D:2)
  A dart slug (D:1)
  4 orcs (D:2)
  4 endoplasms
  A giant cockroach (D:1)
  4 goblins
  6 hobgoblins
  8 kobolds
  4 quokkas
  3 ball pythons
  6 bats
  4 frilled lizards (D:1)
  2 rats
49 creatures vanquished.

Table legend:
 A = Non-vault XP
 B = Vault XP
 C = Vault XP percentage of total XP
 D = Non-vault monster count
 E = Vault monster count
 F = Vault count percentage of total count
                 A         B        C        D         E       F
            +---------+---------+-------+---------+---------+-------
      Total |     139 |       0 |   0.0 |      49 |       0 |   0.0
            +---------+---------+-------+---------+---------+-------
        D:1 |      47 |       0 |   0.0 |      27 |       0 |   0.0
        D:2 |      91 |       0 |   0.0 |      21 |       0 |   0.0
        D:3 |       1 |       0 |   0.0 |       1 |       0 |   0.0
            +---------+---------+-------+---------+---------+-------

Illustrated notes

Table legend:
 A = Kills in this place as a percentage of kills in entire the game.
 B = Kills by you in this place as a percentage of kills by you in the entire game.
 C = Kills by friends in this place as a percentage of kills by friends in the entire game.
 D = Other kills in this place as a percentage of other kills in the entire game.
 E = Experience gained in this place as a percentage of experience gained in the entire game.
 F = Experience gained in this place divided by the number of levels of this place that you have seen.
                   A       B       C       D       E      F
               +-------+-------+-------+-------+-------+----------------------
         Total | 100.0 | 100.0 |   N/A |   N/A | 100.0 |  34.8
       Dungeon | 100.0 | 100.0 |   N/A |   N/A | 100.0 |  34.8
               +-------+-------+-------+-------+-------+----------------------

Table legend: (Time is in decaauts)
 A = Elapsed time spent in this place.
 B = Non-inter-level travel time spent in this place.
 C = Inter-level travel time spent in this place.
 D = Time resting spent in this place.
 E = Time spent auto-exploring this place.
 F = Levels seen in this place.
 G = Mean time per level.
                   A        B        C        D        E       F      G
               +--------+--------+--------+--------+--------+-----+--------+
         Total |   1732 |   1678 |     54 |      0 |   1388 |   4 |  433.0 |
       Dungeon |   1732 |   1678 |     54 |      0 |   1388 |   4 |  433.0 |
               +--------+--------+--------+--------+--------+-----+--------+

Top non-repeatable levels by time:
     D:1: 788 daAuts
     D:2: 772 daAuts
     D:3: 167 daAuts
     D:4: 3 daAuts
